 Dungeon Crawl Stone Soup version 0.30-a0-718-geaa24f58ff (webtiles) character file.

Game seed: 8176459319719360963

67 oldriver the Trooper (level 4, -6/41 HPs)
             Began as a Ghoul Fighter on Jan 26, 2023.
             Killed from afar by an orc wizard (8 damage)
             ... with a puff of flame
             ... on level 3 of the Dungeon.
             The game lasted 00:01:47 (1581 turns).

oldriver the Trooper (Ghoul Fighter)                Turns: 1581, Time: 00:01:48

Health: -6/41      AC:  8    Str: 27    XL:     4   Next: 16%
Magic:  3/3        EV:  9    Int:  3    God:
Gold:   109        SH:  4    Dex:  8    Spells: 3/3 levels left

rFire   . . .      SeeInvis .      - Unarmed
rCold   + . .      Faith    .    b - +0 buckler
rNeg    + + +      Spirit   .    a - +0 scale mail
rPois   ∞          Reflect  .    n - +1 hat
rElec   .          Harm     .    m - +0 cloak
rCorr   .          Rampage  .    (no gloves)
Will    .....                    (no boots) Stlth
                                 g - amulet of the acrobat
HPRegen 0.00/turn                f - +6 ring of strength
MPRegen 0.08/turn                l - ring of flight

@: flying, inhibited regen
A: claws 1, cold resistance 1, negative energy resistance 3, inhibited
regeneration, torment resistance 2, devour on kill
a: no special abilities


You were on level 3 of the Dungeon.
You visited 1 branch of the dungeon, and saw 3 of its levels.

You collected 109 gold pieces.

Inventory:

Missiles
 j - 10 poisoned darts (quivered)
Armour
 a - a +0 scale mail (worn)
 b - a +0 buckler (worn)
 m - a +0 cloak (worn)
 n - a +1 hat (worn)
Jewellery
 f - a +6 ring of strength (left claw)
 g - an amulet of the acrobat (around neck)
 l - a ring of flight (right claw)
 q - a ring of protection from cold
Scrolls
 d - 5 scrolls of identify {unknown}
 e - a scroll of teleportation {unknown}
 r - a scroll of torment {unknown}
Potions
 c - 2 potions of might
 h - a potion of lignification {unknown}
 i - a potion of attraction {unknown}
 k - a potion of mutation {unknown}
 o - 2 potions of magic {unknown}
 p - 2 potions of invisibility {unknown}


   Skills:
 + Level 4.9 Fighting
 - Level 3.0 Armour
 - Level 3.0 Shields
 - Level 2.1 Unarmed Combat


You had 3 spell levels left.
You didn't know any spells.
Your spell library was empty.

Dungeon Overview and Level Annotations

Branches:
Dungeon (3/15)

Altars:
Uskayaw

Shops:
D:1 =


Innate Abilities, Weirdness & Mutations

You are immune to poison.
You have sharp fingernails.
Your flesh is cold resistant. (rC+)
You are immune to negative energy. (rN+++)
You do not regenerate when monsters are visible.
You are immune to unholy pain and torment.
You thrive by killing the living.


Message History

* * * LOW HITPOINT WARNING * * *
You scratch the gnoll.
You kill the gnoll!
You feel better. The bat barely misses you. You block the bat's attack.
You scratch the bat but do no damage. The bat hits you but does no damage.
You miss something. Something hits you.
* * * LOW HITPOINT WARNING * * *
You miss something. Something hits you but does no damage.
You closely miss something. You block something's attack.
You closely miss something. Something hits you.
* * * LOW HITPOINT WARNING * * *
You miss something. Something hits you but does no damage.
You barely miss something.
You hear some strange, mumbled words.
A puff of flame appears from out of thin air!
The puff of flame misses you.
You scratch something. Something hits you but does no damage.
You closely miss something. Something hits you but does no damage.
You scratch something but do no damage. Something hits you but does no damage.
You miss something. You block something's attack.
You scratch something. Something hits you but does no damage.
You closely miss something. Something hits you.
* * * LOW HITPOINT WARNING * * *
You barely miss something. Something hits you.
* * * LOW HITPOINT WARNING * * *
You closely miss something.
You hear some strange, mumbled words.
A puff of flame appears from out of thin air!
The puff of flame hits you.
* * * LOW HITPOINT WARNING * * *
You barely miss something. Something completely misses you.
You barely miss something.
You hear some strange, mumbled words.
Something tries to affect you, but you resist.
You closely miss something. Something hits you but does no damage.
You miss something.
You hear some strange, mumbled words.
A puff of flame appears from out of thin air!
The puff of flame hits you!
You die...

≈≈≈~≈≈≈ ~≈~~~~≈
.......
.......########.#
................#
...........######
#......b#.#
###.###{#.# #. #@#..
####.###.####
#........###########
#..................#
#.........########.#
#.........# #.#
#........##### #.#
#............# #.#
#.......####.# #.#


You could see a bat.

Vanquished Creatures
  An adder (D:3)
  A gnoll (D:3)
  2 dart slugs
  2 orcs (D:3)
  6 endoplasms
  A giant cockroach (D:1)
  3 goblins
  5 hobgoblins
  6 kobolds
  4 ball pythons
  5 bats
  4 rats
40 creatures vanquished.

Notes
Turn   | Place    | Note
-------+----------+-------------------------------------------
     0 | D:1      | oldriver the Ghoul Fighter began the quest for the Orb.
     0 | D:1      | Reached XP level 1. HP: 19/19 MP: 0/0
   148 | D:1      | Reached XP level 2. HP: 26/26 MP: 1/1
   236 | D:1      | Found Boda's Jewellery Boutique.
   360 | D:1      | Reached XP level 3. HP: 33/33 MP: 2/2
   361 | D:1      | Reached skill level 4 in Fighting
   683 | D:2      | Found a hide-covered altar of Uskayaw.
   805 | D:2      | Found a faded altar of an unknown god.
  1554 | D:3      | Reached XP level 4. HP: 24/41 MP: 3/3
  1577 | D:3      | HP: 2/41 [something/puff of flame (3)]
  1581 | D:3      | Killed from afar by an orc wizard

Illustrated notes

Levels and vault maps discovered:
D:1:      lightli_arrival_chessboard, layout_rooms, serial_shops,
          nicolae_shop_hallway_plus
D:2:      layout_basic, hellmonk_ecumenical_altar_heavens_door, basic_altar
D:3:      lemuel_castle_with_subvaults [lemuel_castle_interior_original],
          layout_loops_ring, zin_treasury, chequers_serial_rivers_large_a,
          minmay_misc_feat_enclosed, uniq_terence

Skill      XL: |  1  2  3 |
---------------+----------+-----
Armour         | 3 |  3.0
Shields        | 3 |  3.0
Fighting       | 4 |  4.9
Unarmed Combat | |  2.1

Action                     |  1- 3 |  4- 6 || total
---------------------------+-------+-------++-------
  Melee: Unarmed           |   131 |    28 ||   159
 Armour: Scale mail        |    50 |    11 ||    61
  Dodge: Dodged            |    66 |     3 ||    69
  Block: Buckler           |    24 |     5 ||    29

Table legend: (Time is in decaauts)
 A = Elapsed time spent in this place.
 B = Non-inter-level travel time spent in this place.
 C = Inter-level travel time spent in this place.
 D = Time resting spent in this place.
 E = Time spent auto-exploring this place.
 F = Levels seen in this place.
 G = Mean time per level.
                   A        B        C        D        E       F      G
               +--------+--------+--------+--------+--------+-----+--------+
         Total |   1580 |   1513 |     67 |      0 |   1155 |   3 |  526.7 |
       Dungeon |   1580 |   1513 |     67 |      0 |   1155 |   3 |  526.7 |
               +--------+--------+--------+--------+--------+-----+--------+

Top non-repeatable levels by time:
     D:2: 875 daAuts
     D:1: 505 daAuts
     D:3: 199 daAuts
